 Dungeon Crawl Stone Soup version 0.20.1-1-g8b1a95d (webtiles) character file.

235 polve the Changer (level 5, -2/40 HPs)
             Began as a Draconian Transmuter on July 3, 2017.
             Slain by a gnoll
             ... wielding a +0 flail
              (3 damage)
             ... on level 4 of the Dungeon.
             The game lasted 00:07:52 (5086 turns).

polve the Changer (Draconian Transmuter)            Turns: 5086, Time: 00:07:52

Health: -2/40      AC:  5    Str: 13    XL:     5   Next: 76%
Magic:  6/7        EV: 12    Int: 14    God:
Gold:   219        SH:  0    Dex: 11    Spells: 7/8 levels left

rFire    . . .     SeeInvis +     - Unarmed
rCold    . . .     Gourm    .   (no shield)
rNeg     . . .     Faith    .   (armour unavailable)
rPois    .         Spirit   .   (helmet restricted)
rElec    +         Reflect  .   (no cloak)
rCorr    .         Harm     .   (no gloves)
MR       .....                  (boots currently unavailable)
Stlth    +.........             (no amulet)
Regen    0.2/turn               (no ring)
MPRegen  0.1/turn               (no ring)

@: appendage
A: unfitting armour, claws 1, talons 3, see invisible, low mp 1, electricity
resistance, no potion heal 1, cold-blooded, AC +5
a: End Transformation


You were on level 4 of the Dungeon.
You were hungry.
You had grown temporary talons.
You visited 1 branch of the dungeon, and saw 4 of its levels.

You collected 219 gold pieces.

Inventory:

Missiles
 a - 81 arrows (quivered)
Scrolls
 d - 5 scrolls of identify {unknown}
 f - 4 scrolls of remove curse {unknown}
 g - a scroll of enchant weapon {unknown}
 k - a scroll of magic mapping {unknown}
 l - a scroll of random uselessness {unknown}
 n - a scroll of amnesia {unknown}
 o - a scroll of recharging {unknown}
 p - a scroll of enchant armour {unknown}
Potions
 e - 3 potions of curing
 h - a potion of degeneration {unknown}
 m - a potion of haste {unknown}
 q - a potion of invisibility {unknown}
 r - a potion of heal wounds {unknown}
Books
 b - a book of Changes

   Spells                             Type                      Level
   a - Beastly Appendage              Transmutation                1
   b - Sticks to Snakes               Transmutation                2
   c - Spider Form                    Transmutation/Poison         3
   d - Ice Form                       Ice/Transmutation            4
   e - Blade Hands                    Transmutation                5
Comestibles
 c - 5 bread rations
 i - 3 meat rations
 j - a royal jelly


   Skills:
 - Level 1.1 Fighting
 - Level 1.7 Dodging
 - Level 3.0 Unarmed Combat
 - Level 2.0 Spellcasting
 + Level 6.1 Transmutations


You had 7 spell levels left.
You knew the following spells:

 Your Spells              Type           Power        Failure   Level  Hunger
a - Beastly Appendage     Tmut           ###...       1%          1    ##.....


Dungeon Overview and Level Annotations

Branches:
Dungeon (4/15)
 Temple: D:4-7

Altars:


Innate Abilities, Weirdness & Mutations

Your plain brown scales are hard. (AC +5)
You cannot fit into any form of body armour.
You are cold-blooded and may be slowed by cold attacks.
You have sharp fingernails.
You have claws for feet.
You have supernaturally acute eyesight. (SInv)
Your magical capacity is low. (-10% MP)
You are resistant to electric shocks. (rElec)
Potions are less effective at restoring your health.


Message History

You are too injured to fight recklessly!
You are too injured to fight recklessly!
You are too injured to fight recklessly!
The gnoll closely misses you.
The gnoll hits you from afar with a spear.
The gnoll barely misses you.
You scratch the gnoll.
The gnoll is heavily wounded.
The gnoll hits you from afar with a spear.
* * * LOW HITPOINT WARNING * * *
The gnoll hits you with a flail.
* * * LOW HITPOINT WARNING * * *
You barely miss the gnoll. Your kick misses the gnoll.
The gnoll is heavily wounded.
The gnoll hits you!
* * * LOW HITPOINT WARNING * * *
The gnoll hits you from afar with a spear.
* * * LOW HITPOINT WARNING * * *
The gnoll hits you with a flail.
You die...

......+ .........#
#.######..## #######
.........# #.#### ##..##
# ......)..# #....#
#....# # .........#
#..#.# #....#
.........###..#.# #.##.#
#######.......#.###.##.#
## #.##g###.##.....##..
.# #.##gg##.############
.# #...@.##.# .#
#.###.##.# .#
######+###..#.# .#
#.........#.#.# .#
#.........#.#.# .#
#.........#.# ##
#.........#..
#.........##.
######+#### ..


You could see 3 gnolls.

Vanquished Creatures
  2 worker ants (D:4)
  9 adders
  A howler monkey skeleton (D:4)
  3 worms (D:2)
  A dart slug (D:1)
  6 orcs
  A ball python (D:2)
  4 giant cockroaches
  7 goblins
  12 hobgoblins
  2 jackals (D:2)
  7 kobolds
  A quokka (D:4)
  9 bats
  9 frilled lizards
  A quokka skeleton (D:4)
  10 rats
85 creatures vanquished.

Notes
Turn   | Place    | Note
-------+----------+-------------------------------------------
     0 | D:1      | polve the Draconian Transmuter began the quest for the Orb.
     0 | D:1      | Reached XP level 1. HP: 16/16 MP: 3/3
   602 | D:1      | Reached XP level 2. HP: 21/23 MP: 3/5
   663 | D:1      | Reached skill level 3 in Transmutations
  1479 | D:2      | Reached XP level 3. HP: 13/28 MP: 3/6
  1776 | D:2      | Reached skill level 4 in Transmutations
  1994 | D:2      | Gained mutation: You have sharp fingernails. [potion of mutation]
  1994 | D:2      | Gained mutation: You tend to lose your temper in combat. [potion of mutation]
  1994 | D:2      | Gained mutation: Potions are less effective at restoring your health. [potion of mutation]
  1994 | D:2      | Gained mutation: You passively map a small area around you. [potion of mutation]
  2390 | D:2      | Reached XP level 4. HP: 35/35 MP: 7/7
  2805 | D:2      | Reached skill level 5 in Transmutations
  3170 | D:3      | Lost mutation: You tend to lose your temper in combat. [potion of mutation]
  3170 | D:3      | Lost mutation: You passively map a small area around you. [potion of mutation]
  3170 | D:3      | Gained mutation: Your magical capacity is low. (-10% MP) [potion of mutation]
  3170 | D:3      | Gained mutation: You are resistant to electric shocks. (rElec) [potion of mutation]
  3170 | D:3      | Gained mutation: You have supernaturally acute eyesight. (SInv) [potion of mutation]
  3335 | D:3      | HP: 1/35 [orc/hand axe (2)]
  3336 | D:3      | Reached XP level 5. HP: 2/40 MP: 7/7
  4797 | D:4      | Reached skill level 6 in Transmutations
  5086 | D:4      | HP: 1/40 [gnoll/spear (5)]
  5086 | D:4      | Slain by a gnoll

Skill      XL: |  1  2  3  4  5 |
---------------+----------------+-----
Transmutations | 3 4 5 6 |  6.1
Fighting       | |  1.1
Dodging        | |  1.7
Unarmed Combat | |  3.0
Spellcasting   | |  2.0

Action                   |  1- 3 |  4- 6 || total
-------------------------+-------+-------++-------
Melee: Unarmed           |   138 |   174 ||   312
       Tailslap          |     8 |     9 ||    17
       Headbutt          |     2 |     6 ||     8
       Kick              |     8 |     3 ||    11
       Punch             |     2 |     1 ||     3
 Cast: Beastly Appendage |     9 |     5 ||    14
  Use: Potion            |     2 |     2 ||     4
  Eat: Chunk             |     5 |     6 ||    11
       Royal jelly       |       |     1 ||     1
Armor: Skin              |    31 |    35 ||    66
Dodge: Dodged            |    84 |    98 ||   182
